 Dungeon Crawl Stone Soup version 0.24.1 (webtiles) character file.

Game seed: 8389099179000893933, levelgen mode: deterministic

105 Curus the Cudgeler (level 4, -1/37 HPs)
             Began as a Minotaur Gladiator on Mar 30, 2020.
             Slain by an ogre
             ... wielding a +0 giant club
              (10 damage)
             ... on level 3 of the Dungeon.
             The game lasted 00:08:05 (1455 turns).

Curus the Cudgeler (Minotaur Gladiator)             Turns: 1455, Time: 00:08:06

Health: -1/37      AC:  8    Str: 19      XL:     4   Next: 54%
Magic:  3/3        EV: 12    Int:  5 (6)  God:
Gold:   89         SH:  0    Dex: 11      Spells: 3/3 levels left

rFire    . . .     SeeInvis .   a - +0 flail
rCold    . . .     Gourm    .   (no shield)
rNeg     . . .     Faith    .   h - +0 troll leather armour
rPois    .         Spirit   .   c - +1 hat
rElec    .         Reflect  .   (no cloak)
rCorr    .         Harm     .   (no gloves)
MR       .....                  (no boots)
Stlth    +.........             (no amulet)
HPRegen  0.52/turn              i - +3 ring of protection
MPRegen  0.08/turn              (no ring)

@: no status effects
A: retaliatory headbutt, horns 2
a: no special abilities


You were on level 3 of the Dungeon.
You were hungry.

You visited 1 branch of the dungeon, and saw 3 of its levels.

You collected 89 gold pieces.

Inventory:

Hand Weapons
 a - a +0 flail (weapon)
Missiles
 d - 3 throwing nets (quivered)
Armour
 b - a +0 leather armour
 c - a +1 hat (worn)
 g - a +0 ring mail of fire resistance
 h - a +0 troll leather armour (worn)
Jewellery
 i - a +3 ring of protection (left hand)
Scrolls
 e - a scroll of identify
Comestibles
 f - 8 rations


   Skills:
 - Level 2.4 Fighting
 + Level 6.5 Maces & Flails
 - Level 2.0 Throwing
 - Level 3.2 Dodging


You had 3 spell levels left.
You didn't know any spells.
Your spell library was empty.

Dungeon Overview and Level Annotations

Branches:
Dungeon (3/15)

Altars:

Annotations:
D:3 Sigmund


Innate Abilities, Weirdness & Mutations

You reflexively headbutt those who attack you in melee.
You have a pair of horns on your head.


Message History

Level annotation: Sigmund
There is a stone staircase leading up here.
An ogre comes into view. It is wielding a +0 giant club.
The ogre shouts!
You barely miss the ogre. The ogre closely misses you.
You barely miss the ogre. Your headbutt misses the ogre.
The ogre hits you with a +0 giant club!
You sock the ogre! You headbutt the ogre!
The ogre is severely wounded.
The ogre closely misses you. You furiously retaliate!
You headbutt the ogre. You barely miss the ogre.
The ogre is almost dead.
The ogre hits you with a +0 giant club!
* * * LOW HITPOINT WARNING * * *
You completely miss the ogre. You headbutt the ogre.
The ogre is almost dead.
Your troll leather armour prevents you from hitting the ogre.
The ogre is almost dead.
The ogre hits you with a +0 giant club!
You die...

$. #. #
#.###.##.#
.#b###.........
..@.<..<.......
.#.####.##.#...
##.####.#
........#
#.@##.##.#
#..O.....#
#.###.#### #.#
# #.#
..######.#
.......<.#
..########


You could see an ogre.

Vanquished Creatures
  6 adders (D:2)
  2 worms (D:2)
  2 dart slugs (D:1)
  2 leopard geckos
  3 bats (D:1)
  5 hobgoblins
  8 jackals (D:1)
  7 goblins
  2 kobolds
37 creatures vanquished.

Vanquished Creatures (others)
  A kobold (D:1)
1 creature vanquished.

Grand Total: 38 creatures vanquished

Notes
Turn   | Place    | Note
-------+----------+-------------------------------------------
     0 | D:1      | Curus the Minotaur Gladiator began the quest for the Orb.
     0 | D:1      | Reached XP level 1. HP: 18/18 MP: 0/0
    41 | D:1      | Reached skill level 4 in Maces & Flails
   262 | D:1      | Reached XP level 2. HP: 24/25 MP: 1/1
   309 | D:1      | Reached skill level 5 in Maces & Flails
   428 | D:1      | Reached XP level 3. HP: 30/30 MP: 2/2
   920 | D:2      | Reached skill level 6 in Maces & Flails
   920 | D:2      | Reached XP level 4. HP: 30/37 MP: 3/3
  1357 | D:3      | Noticed Sigmund
  1448 | D:3      | Noticed an ogre
  1455 | D:3      | Slain by an ogre

Levels and vault maps discovered:
D:1:      ebering_trefoil_3fold, layout_basic
D:2:      layout_basic, first_ration, minmay_misc_feat_roman
D:3:      cheibrodos_greedy_goblins, layout_loops_corners, lemuel_round_altar,
          minitemple, chequers_ecumenical_altar_lobes, uniq_grinder,
          uniq_sigmund

Skill      XL: |  1  2  3 |
---------------+----------+-----
Maces & Flails | 4 5 6 |  6.5
Fighting       | |  2.4
Throwing       | |  2.0
Dodging        | |  3.2

Action                   |  1- 3 |  4- 6 || total
-------------------------+-------+-------++-------
Melee: Flail             |    59 |    17 ||    76
       Headbutt          |     6 |     3 ||     9
  Use: Scroll            |     5 |     1 ||     6
       Potion            |     3 |       ||     3
  Eat: Chunk             |       |     1 ||     1
Armor: Leather armour    |    13 |       ||    13
       Ring mail         |     4 |     1 ||     5
Dodge: Dodged            |    46 |    13 ||    59
